 Dungeon Crawl Stone Soup version 0.30-a0-535-g2c0b3469a7 (webtiles) character file.

Game seed: 309823357983700790

44 Bnni the Vexing (level 3, 0/27 HPs)
             Began as a Formicid Hexslinger on Dec 25, 2022.
             Succumbed to an adder's poison
             ... on level 2 of the Dungeon.
             The game lasted 00:01:04 (826 turns).

Bnni the Vexing (Formicid Hexslinger)                Turns: 826, Time: 00:01:05

Health: 0/27       AC:  2    Str: 12 (14) XL:     3   Next: 85%
Magic:  3/5        EV: 12    Int: 13 (14) God:
Gold:   109        SH:  4    Dex: 12 (14) Spells: 4/5 levels left

rFire   . . .      SeeInvis +    a - +1 sling
rCold   . . .      Faith    .    (no shield)
rNeg    . . .      Spirit   .    c - +0 robe
rPois   .          Reflect  .    (helmet unavailable)
rElec   .          Harm     .    (no cloak)
rCorr   +          Rampage  .    (no gloves)
Will    .....                    (no boots)
Stlth   +                        (no amulet)
HPRegen 0.24/turn                f - ring of resist corrosion
MPRegen 0.09/turn                (no ring)

@: mighty, lethally poisoned (0 -> -2)
A: permanent stasis, dig shafts and tunnels, antennae 3, four strong arms, large
bone plates 1, screaming 1, wild magic 1
a: Dig, Shaft Self


You were on level 2 of the Dungeon.
You visited 1 branch of the dungeon, and saw 2 of its levels.

You collected 109 gold pieces.

Inventory:

Hand Weapons
 a - a +1 sling (weapon)
Armour
 c - a +0 robe (worn)
Jewellery
 f - a ring of resist corrosion (left hand)
Scrolls
 b - a scroll of poison


   Skills:
 + Level 1.8 Fighting
 * Level 2.7 Ranged Weapons
 - Level 1.7 Dodging
 + Level 1.6 Spellcasting
 * Level 4.3 Hexes


You had 4 spell levels left.
You knew the following spells:

 Your Spells              Type           Power      Damage    Failure   Level
a - Slow                  Hex            60%        N/A       8%          1

Your spell library contained the following spells:

 Spells                   Type           Power      Damage    Failure   Level
 Inner Flame              Hex/Fire       8%         N/A       41%         3
 Portal Projectile        Hex/Tloc       16%        N/A       41%         3
 Cause Fear               Hex            7%         N/A       50%         4


Dungeon Overview and Level Annotations

Branches:
Dungeon (2/15)

Altars:


Innate Abilities, Weirdness & Mutations

You cannot be hasted, slowed, berserked, paralysed or teleported.
You can dig through walls and to a lower floor.
You have a pair of large antennae on your head. (SInv)
Your four strong arms can wield two-handed weapons with a shield.
You are partially covered in large bone plates. (SH +4)
You occasionally shout uncontrollably at your foes.
Your spells are a little harder to cast, but a little more powerful.


Message History

The adder poisons you!
You shoot a sling bullet. The sling bullet hits the adder.
The adder is almost dead.
You feel sick. The adder barely misses you.
You shoot a sling bullet.
The sling bullet barely misses the adder.
The sling bullet barely misses the jackal.
The sling bullet hits the adder.
The adder is moderately wounded.
You feel sick. The adder barely misses you.
You shoot a sling bullet. The sling bullet misses the adder.
The sling bullet hits the jackal.
The jackal is almost dead.
You feel sick. The adder bites you.
You are more poisoned.
The adder poisons you!
You shoot a sling bullet. The sling bullet hits the adder!
You kill the adder!
* * * LOW HITPOINT WARNING * * *
You feel sick.
You shoot a sling bullet.
The sling bullet hits the jackal but does no damage.
The jackal is almost dead.
* * * LOW HITPOINT WARNING * * *
You feel sick. The jackal barely misses you. The jackal bites you.
* * * LOW HITPOINT WARNING * * *
It was a potion of degeneration.
There was something very wrong with that liquid.
You feel weakened.
You feel dopey.
You feel clumsy.
* * * LOW HITPOINT WARNING * * *
You feel sick. The jackal closely misses you. The jackal barely misses you.
It was a potion of might.
You feel very mighty all of a sudden.
* * * LOW HITPOINT WARNING * * *
You feel sick. The jackal bites you.
* * * LOW HITPOINT WARNING * * *
It was a potion of mutation.
You feel extremely strange.
You feel the urge to shout.
You feel less in control of your magic.
Large bone plates grow over parts of your arms.
You die...

## .. #####.
....
####.##.######
.......Shh@..#
############.#
#.# #.#
#####.#
#.....#
#.##### #.#
#.#


You could see an adder and 2 jackals.

Vanquished Creatures
  An adder (D:2)
  2 dart slugs (D:1)
  3 endoplasms (D:1)
  A giant cockroach (D:1)
  4 hobgoblins (D:1)
  2 jackals (D:1)
  4 quokkas
  3 bats (D:1)
  4 frilled lizards (D:1)
  3 goblins (D:1)
27 creatures vanquished.

Notes
Turn   | Place    | Note
-------+----------+-------------------------------------------
     0 | D:1      | Bnni the Formicid Hexslinger began the quest for the Orb.
     0 | D:1      | Reached XP level 1. HP: 15/15 MP: 2/2
    25 | D:1      | Reached XP level 2. HP: 14/21 MP: 3/3
   163 | D:1      | Reached skill level 4 in Hexes
   300 | D:1      | Reached XP level 3. HP: 26/26 MP: 5/5
   825 | D:2      | HP: 1/27 [jackal (1)]
   826 | D:2      | Gained mutation: You occasionally shout uncontrollably at
                  | your foes. [potion of mutation]
   826 | D:2      | Gained mutation: Your spells are a little harder to cast,
                  | but a little more powerful. [potion of mutation]
   826 | D:2      | Gained mutation: You are partially covered in large bone
                  | plates. (SH +4) [potion of mutation]
   826 | D:2      | Succumbed to an adder's poison

Illustrated notes

Levels and vault maps discovered:
D:1:      dpeg_arrival_windows_large_door, layout_loops_ring, serial_glass,
          glass_columns_b, glass_columns_a
D:2:      layout_loops_ring, shapermc_ecumenical_altar_mp_ritualfount,
          minmay_diced_spiral, uniq_natasha

Skill      XL: |  1  2 |
---------------+-------+-----
Hexes          | 4 |  4.3
Fighting       | |  1.8
Ranged Weapons | |  2.7
Dodging        | |  1.7
Spellcasting   | |  1.6

Action                   || total
-------------------------++-------
 Fire: Sling             ||    99
 Cast: Slow              ||     4
  Use: Potion            ||     3
Armor: Robe              ||    13
Dodge: Dodged            ||    45

Table legend: (Time is in decaauts)
 A = Elapsed time spent in this place.
 B = Non-inter-level travel time spent in this place.
 C = Inter-level travel time spent in this place.
 D = Time resting spent in this place.
 E = Time spent auto-exploring this place.
 F = Levels seen in this place.
 G = Mean time per level.
                   A        B        C        D        E       F      G
               +--------+--------+--------+--------+--------+-----+--------+
         Total |    852 |    834 |     18 |     62 |    591 |   2 |  426.0 |
       Dungeon |    852 |    834 |     18 |     62 |    591 |   2 |  426.0 |
               +--------+--------+--------+--------+--------+-----+--------+

Top non-repeatable levels by time:
     D:1: 803 daAuts
     D:2: 49 daAuts
